[Event "*** Titled Tuesday 3|2 Blitz"]
[Site "Chess.com"]
[Date "2016.04.05"]
[Round "1"]
[White "AdrianaNikolova"]
[Black "yarosavich"]
[Result "1-0"]
[WhiteElo "2226"]
[BlackElo "2495"]
[TimeControl "180+2"]
[EndTime "11:40:04 PDT"]
[Termination "AdrianaNikolova won by resignation"]

1. e4 c6 2. d4 d5 3. Nc3 dxe4 4. Nxe4 Bf5 5. Ng3 Bg6 6. h4 h6 7. Nf3 Nd7 8. Bd3 Bxd3 9. Qxd3 e6 10. Bd2 Ngf6 11.
O-O-O Be7 12. Ne4 Qb6 13. Kb1 Rd8 14. Nxf6+ Bxf6 15. Be3 c5 16. g4 cxd4 17. Bxd4 Bxd4 18. Qxd4 Qxd4 19. Rxd4 Ke7 20. Rhd1 Nf6 21. Ne5 Rxd4 22. Rxd4 g5 23. h5 Rc8 24. b4 Rc7 25. f4 gxf4 26. Rxf4 Rc8 27. Rd4 Rg8 28. Rc4 Rg5 29. Nf3 Rd5 30. Kb2 Kd7 31. a4 Ne8 32. Rf4 Nd6 33.
c4 Rd3 34. Ne5+ 1-0

[Event "*** Titled Tuesday 3|2 Blitz"]
[Site "Chess.com"]
[Date "2016.04.05"]
[Round "1"]
[White "SmoothAsAHedgehog"]
[Black "evgenyermolaev"]
[Result "1-0"]
[WhiteElo "2498"]
[BlackElo "2193"]
[TimeControl "180+2"]
[EndTime "11:40:04 PDT"]
[Termination "SmoothAsAHedgehog won by checkmate"]

1. Nf3 Nf6 2. g3 g6 3. c4 Bg7 4. Bg2 c5 5. O-O O-O 6. Nc3 Nc6 7. d4 cxd4 8. Nxd4 d6 9. Nxc6 bxc6 10. Bxc6 Bh3 11. Bxa8 Qxa8 12. f3 Bxf1 13. Kxf1 Qc6 14.
Qd3 Rc8 15. Be3 Qxc4 16. Qxc4 Rxc4 17. Bxa7 Nd7 18. a4 Rb4 19. Nd1 Nc5 20. Bxc5 dxc5 21.
a5 Rb7 22. a6 Ra7 23. Nc3 Bxc3 24. bxc3 Kf8 25. e4 Ke8 26. Ke2 Kd7 27. Kd3 Kc6 28. Kc4 Kb6 29. e5 Kc6 30. f4 Kb6 31. g4 Kc6 32. h4 Kb6 33. h5 Kc6 34. h6 f6 35.
exf6 exf6 36. f5 gxf5 37. gxf5 Kb6 38. Rb1+ Kc6 39. Re1 Kd7 40. Kb5 Rc7 41. Rd1+ Ke7 42. Rg1 Kf7 43. Rg7+ Kf8 44. Rxc7 Ke8 45. Kb6 Kd8 46.
a7 Ke8 47. a8=Q# 1-0

[Event "*** Titled Tuesday 3|2 Blitz"]
[Site "Chess.com"]
[Date "2016.04.05"]
[Round "1"]
[White "rasool78"]
[Black "ChessWarrior7197"]
[Result "0-1"]
[WhiteElo "2158"]
[BlackElo "2491"]
[TimeControl "180+2"]
[EndTime "11:40:09 PDT"]
[Termination "ChessWarrior7197 won on time"]

1. e4 c5 2. Nc3 e6 3. g3 d5 4. Bg2 d4 5. Nce2 Nc6 6. d3 e5 7. h3 Bd6 8. Nf3 Nge7 9. g4 Be6 10. Ng3 g6 11. c3 Qd7 12. cxd4 Nxd4 13.
Nxd4 cxd4 14. Qc2 Rc8 15. Qd1 f6 16. O-O O-O 17. f4 exf4 18. Bxf4 Bxf4 19. Rxf4 Nc6 20. Qe2 Ne5 21. Raf1 Kg7 22. R1f2 Qb5 23. Bf1 h6 24. Kg2 Bxa2 25. h4 Be6 26. h5 Qd7 27. hxg6 Bxg4 28.
Rxg4 Qxg4 29. Qd2 h5 30. Rf4 Qg5 31. Kh3 Nxg6 32. Nf5+ Kh8 33. Rf2 Qxd2 34. Rxd2 Rc1 35.
Bg2 Rg8 36. Bf3 Nf4+ 37. Kh2 Rgg1 38. e5 fxe5 39. Be4 b5 40. b4 Ne6 41. Ra2 Ng5 42.
Rxa7 Nxe4 43. dxe4 d3 44. Ne7 d2 45. Ra8+ Kh7 0-1

[Event "*** Titled Tuesday 3|2 Blitz"]
[Site "Chess.com"]
[Date "2016.04.05"]
[Round "1"]
[White "Yaacovn"]
[Black "AttilaTurzo"]
[Result "1-0"]
[WhiteElo "2646"]
[BlackElo "2347"]
[TimeControl "180+2"]
[EndTime "11:40:15 PDT"]
[Termination "Yaacovn won by resignation"]

1. d4 d5 2. Nf3 c6 3. c4 Nf6 4. cxd5 cxd5 5. Nc3 Nc6 6. Bf4 Ne4 7. e3 Nxc3 8. bxc3 g6 9. Bb5 Bg7 10. O-O O-O 11. Bxc6 bxc6 12. Qa4 Qb6 13. Rfb1 Qa6 14. Qxa6 Bxa6 15. Nd2 f6 16. Nb3 e5 17. Bg3 Bd3 18. Rd1 Bc4 19. Na5 Rab8 20. Nxc4 dxc4 21. Rab1 Rb5 22. a4 Rb3 23. Rxb3 cxb3 24. Kf1 Rb8 25. Ke2 Kf7 26. Rb1 Ke6 27. Kd3 c5 28. Kc4 cxd4 29. cxd4 b2 30. d5+ Kd6 31. e4 Bh6 32. f3 Bc1 33. Bf2 Rc8+ 34. Kd3 a6 35. Be1 Rb8 36. Bc3 Rb3 37. Kc2 Ra3 38. Bb4+ 1-0

[Event "*** Titled Tuesday 3|2 Blitz"]
[Site "Chess.com"]
[Date "2016.04.05"]
[Round "1"]
[White "Tobi-Wan-Kenobi"]
[Black "Janosik"]
[Result "0-1"]
[WhiteElo "2292"]
[BlackElo "2577"]
[TimeControl "180+2"]
[EndTime "11:40:17 PDT"]
[Termination "Janosik won by resignation"]

1. d4 Nf6 2. c4 e6 3. Nf3 d5 4.
Nc3 dxc4 5. e4 Bb4 6. Bg5 h6 7.
Bxf6 Qxf6 8. Bxc4 c5 9. O-O O-O 10. e5 Qd8 11. d5 Bxc3 12. bxc3 exd5 13. Bxd5 Nc6 14. Bxc6 bxc6 15. Qe2 Qa5 16. Qe3 Rd8 17.
Nd2 Ba6 18. Rfd1 Rd3 19. Qe1 Qxc3 20. Nb3 Qxe1+ 21. Rxe1 Rd5 22. Na5 Rc8 23. Rac1 Kf8 24.
Re3 c4 25. Ra3 Rxe5 26. f4 Re4 27. g3 Bb5 28. Rac3 Ke7 29. Nxc4 Bxc4 30. Rxc4 Rxc4 31. Rxc4 Kd6 32. Kf2 Kd5 33. Ra4 Rc7 34. Ke3 c5 35. Kd3 h5 36. Ra6 c4+ 37. Kc3 Ke4 38. Ra5 g6 39. Re5+ Kf3 40. f5 Kg2 41. fxg6 fxg6 42.
Rg5 Rc6 43. h4 Kf3 44. a4 Ra6 45. a5 Rc6 46. a6 Rxa6 47. Kxc4 Ra4+ 48. Kb5 Rg4 0-1

[Event "*** Titled Tuesday 3|2 Blitz"]
[Site "Chess.com"]
[Date "2016.04.05"]
[Round "1"]
[White "PowerThinking2650"]
[Black "Blitzstream"]
[Result "1-0"]
[WhiteElo "2130"]
[BlackElo "2422"]
[TimeControl "180+2"]
[EndTime "11:40:22 PDT"]
[Termination "PowerThinking2650 won by resignation"]

1. e4 d5 2. exd5 Qxd5 3. d4 Nc6 4. Nf3 Bg4 5. Be2 O-O-O 6. O-O Bxf3 7. Bxf3 Qxd4 8. Qe2 Qf6 9. Qb5 e5 10. Be3 Nge7 11.
Bxa7 Qe6 12. Be3 e4 13. Be2 Nd5 14. Nc3 Nxc3 15. bxc3 Qe5 16. Qb3 Bd6 17. g3 f5 18.
Rab1 Na5 19. Qa4 Qxc3 20. Bd4 Qa3 21. Qb5 c5 22. Bxg7 Rhg8 23. Bb2 Qxa2 24. Bc3 Bc7 25. Bxa5 Qxa5 26. Qxb7+ Kd7 27. Bb5+ Ke7 28. Bc4 Rd7 29. Bxg8 Bxg3 30. Qb3 Bd6 31. Qe6+ Kd8 32. Bf7 Qa7 33. Qe8+ Kc7 34. Be6 Rd8 35. Qf7+ Kc6 36. Qxa7 1-0

[Event "*** Titled Tuesday 3|2 Blitz"]
[Site "Chess.com"]
[Date "2016.04.05"]
[Round "1"]
[White "petrpalachev"]
[Black "igorkovalenko"]
[Result "0-1"]
[WhiteElo "2306"]
[BlackElo "2575"]
[TimeControl "180+2"]
[EndTime "11:40:24 PDT"]
[Termination "igorkovalenko won on time"]

1. d4 Nf6 2. c4 e6 3. Nf3 b6 4.
g3 Ba6 5. Qa4 c6 6. Nc3 Be7 7. Bg2 O-O 8. O-O d5 9. Ne5 Qe8 10.
cxd5 cxd5 11. Qxe8 Rxe8 12. Bg5 Nbd7 13. Nxd7 Nxd7 14.
Bxe7 Rxe7 15. Rfc1 Rc8 16. e4 dxe4 17. Nxe4 Rxc1+ 18. Rxc1 Nf8 19. Nd6 Rd7 20. Rc6 h6 21. d5 exd5 22. Bxd5 Bb7 23. Nxb7 Rxd5 24. Rd6 Re5 25. Nd8 Re2 26. b4 Rxa2 27. Nc6 Ne6 28. Rd7 a5 29. bxa5 bxa5 30. Ne5 Ng5 31. Kf1 a4 32. h4 Ne4 33. Rxf7 Rxf2+ 34. Rxf2 Nxf2 35.
Nc4 Ne4 36. Kg2 Kf7 37. Kf3 Nc3 38. Kf4 Ke6 39. g4 Nb5 40. h5 a3 41. Nd2 Nd4 0-1

[Event "*** Titled Tuesday 3|2 Blitz"]
[Site "Chess.com"]
[Date "2016.04.05"]
[Round "1"]
[White "HansCoolNiemann"]
[Black "Dr-Bassem"]
[Result "1-0"]
[WhiteElo "2262"]
[BlackElo "2544"]
[TimeControl "180+2"]
[EndTime "11:40:26 PDT"]
[Termination "HansCoolNiemann won on time"]

1. d4 Nf6 2. c4 e6 3. Nc3 Bb4 4. Bg5 c5 5. d5 h6 6. Bh4 d6 7.
e3 e5 8. Qc2 Nbd7 9. Nf3 Qa5 10.
Nd2 Bxc3 11. Qxc3 Qxc3 12. bxc3 e4 13. f4 exf3 14. gxf3 Ke7 15. Rg1 g5 16. Bg3 Ne5 17. Bxe5 dxe5 18. Bd3 Ne8 19. a4 Nd6 20. Ne4 Nxe4 21.
fxe4 f6 22. Kd2 Bd7 23. Rgb1 Rab8 24. a5 Kd6 25. Rf1 Rhf8 26. Ke2 Rf7 27. Rf2 Rbf8 28. Rb1 h5 29. Kf1 h4 30. Kg1 Bc8 31. Rbf1 g4 32. Be2 Ke7 33. Kg2 Rg7 34. d6+ Ke6 35. Kg1 g3 36. Rf3 Rg6 37. hxg3 hxg3 38. Kg2 Rh8 39.
Rxg3 1-0

[Event "*** Titled Tuesday 3|2 Blitz"]
[Site "Chess.com"]
[Date "2016.04.05"]
[Round "1"]
[White "Boryboy"]
[Black "salomez"]
[Result "1-0"]
[WhiteElo "2472"]
[BlackElo "2152"]
[TimeControl "180+2"]
[EndTime "11:40:27 PDT"]
[Termination "Boryboy won on time"]

1. d4 Nf6 2. c4 g6 3. Nc3 d5 4. cxd5 Nxd5 5. Bd2 Bg7 6. e4 Nb6 7. Be3 O-O 8. h3 e5 9. Nf3 exd4 10. Bxd4 Nc6 11. Bxg7 Kxg7 12. Qxd8 Rxd8 13. Be2 Be6 14. O-O Bc4 15. Rac1 Bxe2 16. Nxe2 Rd7 17. Nc3 Nc4 18. b3 Nd2 19. Nxd2 Rxd2 20. Rfd1 Rad8 21. Rxd2 Rxd2 22. Kf1 Nb4 23. Nd5 Nd3 24. Rxc7 Rxf2+ 25. Kg1 Rxa2 26. Rxb7 Nc5 27. Re7 Nxb3 28. e5 Nd4 29. Nc7 Nc6 30. Ne6+ Kh6 31. Rxf7 Nxe5 32. Rf4 g5 33.
Rf6+ Ng6 34. Rf7 Re2 35. Nd4 Re1+ 36. Kf2 Re5 37. Nf5+ Rxf5+ 38. Rxf5 1-0

[Event "*** Titled Tuesday 3|2 Blitz"]
[Site "Chess.com"]
[Date "2016.04.05"]
[Round "1"]
[White "Canairez"]
[Black "ShimanovAlex"]
[Result "0-1"]
[WhiteElo "2331"]
[BlackElo "2625"]
[TimeControl "180+2"]
[EndTime "11:40:33 PDT"]
[Termination "ShimanovAlex won by resignation"]

1. d4 Nf6 2. c4 g6 3. Nc3 Bg7 4. e4 O-O 5. Nf3 d6 6. Be2 Na6 7. O-O e5 8. Re1 c6 9. Bf1 exd4 10. Nxd4 Ng4 11. Nf3 Qb6 12. Qc2 Ne5 13. Nxe5 dxe5 14. Be3 Qd8 15. Rad1 Qe7 16. Qd2 Be6 17. Qd6 Qf6 18. Qd2 Rfd8 19. Qc1 Qe7 20. a3 Nc5 21. b4 Nb3 22. Qb2 Nd4 23. Na4 b6 24. Nc3 Bf8 25. Ra1 Rac8 26. Red1 Qc7 27. f4 Bg7 28. Qf2 c5 29. Nd5 Bxd5 30. cxd5 exf4 31. Bxf4 Qe7 32.
bxc5 bxc5 33. Ba6 Qxe4 34. Bxc8 Ne2+ 35. Kh1 Bxa1 36. Bg4 Nxf4 37. Rxa1 Rxd5 38. Bf3 Qd4 39. Qa2 Rd7 40. Rb1 Kg7 41. h3 c4 42. Rc1 c3 43.
Qb3 Rc7 44. Rd1 Qf6 45. Rc1 Nxh3 46. Qd5 Nf4 47. Qe4 Re7 48. Qc6 Qh4+ 49. Kg1 Re1+ 50.
Rxe1 Qxe1+ 51. Kh2 Qe5 52. Kg1 Nd3 53. Bd5 c2 0-1

[Event "*** Titled Tuesday 3|2 Blitz"]
[Site "Chess.com"]
[Date "2016.04.05"]
[Round "1"]
[White "KuzubovYuriy"]
[Black "Krutoy123"]
[Result "1/2-1/2"]
[WhiteElo "2614"]
[BlackElo "2340"]
[TimeControl "180+2"]
[EndTime "11:40:35 PDT"]
[Termination "Game drawn by repetition"]

1. d4 Nf6 2. c4 g6 3. Nc3 Bg7 4. e4 O-O 5. Be2 d6 6. Bg5 h6 7.
Be3 e5 8. d5 a5 9. Qd2 Kh7 10. h4 Ng4 11. Bxg4 Bxg4 12. f3 Bd7 13. h5 g5 14. g4 Na6 15. Nge2 Re8 16. O-O Qe7 17. b3 c6 18. Rab1 c5 19. Nc1 Rec8 20. Nd3 Bf6 21. a3 Qf8 22. Rb2 Bd8 23. Rfb1 Qe7 24.
Kg2 f6 25. Qc2 Qe8 26. Ne2 Nc7 27. b4 cxb4 28. axb4 axb4 29. Rxb4 b5 30. c5 dxc5 31. Nxc5 Na6 32. R4b3 b4 33. Nc1 Nxc5 34. Bxc5 Be7 35. Nd3 Bxc5 36. Nxc5 Ra5 37. Rc1 Qf8 38. Nxd7 Rxc2+ 39. Rxc2 Qd6 40. Nxf6+ Qxf6 41. Rxb4 Ra7 42. Rb8 Rf7 43. Rc3 Qf4 44. Rb2 Qf6 45. Rb8 Qa6 46. Rb2 Rb7 47. Rbc2 Rd7 48. Rc6 Qd3 49. Rf2 Rf7 50. Re6 Qc3 51. Rc6 Qd4 52. Ra2 Qe3 53.
Rf2 Qf4 54. Re6 Rf6 55. Re7+ Rf7 56. Re6 Kg7 57. Rg6+ Kh7 58. Re6 Rf6 59. Re7+ Rf7 60. Re6 1/2-1/2

[Event "*** Titled Tuesday 3|2 Blitz"]
[Site "Chess.com"]
[Date "2016.04.05"]
[Round "1"]
[White "VSERGUEI"]
[Black "Colombiano07"]
[Result "1-0"]
[WhiteElo "2451"]
[BlackElo "2135"]
[TimeControl "180+2"]
[EndTime "11:40:41 PDT"]
[Termination "VSERGUEI won by resignation"]

1. d4 d5 2. c4 Bf5 3. cxd5 Bxb1 4. Qa4+ Nd7 5. Rxb1 Nf6 6. Nf3 Nxd5 7. e4 Nb6 8. Qc2 g6 9. Be2 Bg7 10. O-O O-O 11.
Rd1 c6 12. b4 Qb8 13. a4 a5 14.
b5 Rc8 15. bxc6 Rxc6 16. Qa2 e6 17. d5 exd5 18. exd5 Rc8 19. Be3 Qd6 20. Qb3 Rc3 21. Qb5 Rxe3 22. fxe3 Re8 23. Qxa5 Rxe3 24. Bb5 Qc5 25.
Kh1 h5 26. Rbc1 Qa3 27. Bxd7 Nxd7 28. Qc7 Nf8 29. Ng5 Re7 30. d6 Rd7 31. Ne4 Qxa4 32. Nc5 Rxc7 33. dxc7 Qa8 34. Nxb7 Qxb7 35. c8=Q Qxc8 36.
Rxc8 Bf6 37. Rf1 Be7 38. Rc7 Bd6 39. Rcxf7 Be5 40. Rxf8+ 1-0

[Event "*** Titled Tuesday 3|2 Blitz"]
[Site "Chess.com"]
[Date "2016.04.05"]
[Round "1"]
[White "ChessSkool"]
[Black "Iwannabetheguy"]
[Result "1-0"]
[WhiteElo "2398"]
[BlackElo "2032"]
[TimeControl "180+2"]
[EndTime "11:40:44 PDT"]
[Termination "ChessSkool won by resignation"]

1. d4 d5 2. c4 e5 3. dxe5 d4 4. Nf3 Nc6 5. a3 f6 6. b4 fxe5 7. b5 Na5 8. Nxe5 Qd6 9. Nf3 Bg4 10. Nbd2 O-O-O 11. Bb2 d3 12. exd3 Re8+ 13. Be2 Qxd3 14. Ne5 Bxe2 15. Qxe2 Qxe2+ 16. Kxe2 Bd6 17. f4 Nf6 18.
Rhe1 Ng4 19. Kf3 Nxe5+ 20. Bxe5 Bxe5 21. Rxe5 Rd8 22. Ke2 Rxd2+ 23. Kxd2 Nxc4+ 24. Kd3 Nxe5+ 25. fxe5 Re8 26. Ke4 Kd7 27. Rc1 c6 28. bxc6+ bxc6 29. Rd1+ Kc7 30. Rf1 Re7 31. Rf8 Kb6 32. Kf5 c5 33. e6 Kb5 34. Ke5 Kc6 35. Rc8+ Rc7 36. Rd8 c4 37. Kd4 Kb7 38. Rf8 Re7 39. Rf7 Rc7 40. e7 1-0

[Event "*** Titled Tuesday 3|2 Blitz"]
[Site "Chess.com"]
[Date "2016.04.05"]
[Round "1"]
[White "Lector118"]
[Black "jcibarra"]
[Result "0-1"]
[WhiteElo "2217"]
[BlackElo "2528"]
[TimeControl "180+2"]
[EndTime "11:40:48 PDT"]
[Termination "jcibarra won by resignation"]

1. d4 Nf6 2. c4 d6 3. Nc3 e5 4. d5 Nbd7 5. e4 Nc5 6. Qc2 a5 7. Nf3 Be7 8. Be2 c6 9. Be3 Nfd7 10.
h3 O-O 11. O-O a4 12. b4 axb3 13. axb3 Na6 14. Qd2 Ndc5 15. Rfb1 Nd7 16. b4 Nc7 17. Rxa8 Nxa8 18. c5 Nf6 19. dxc6 bxc6 20. cxd6 Qxd6 21. Qc2 Nh5 22. Bc5 Qf6 23. Bxe7 Qxe7 24. Na4 Nf4 25. Bf1 Qf6 26. Qc3 Qg6 27. Nxe5 Nxh3+ 28. Kh2 Qxe4 29. Re1 Qf4+ 30. Qg3 Qxb4 31. Nc3 Nxf2 32. Nxc6 Ng4+ 33.
Kh1 Qc5 34. Ne7+ Kh8 35. Nxc8 Qh5+ 36. Kg1 Qc5+ 37. Kh1 Qh5+ 38. Kg1 Rxc8 39. Ne4 Qg6 40. Nd6 Rf8 41. Bd3 Qh5 42. Nf5 Nb6 43. Rf1 Qg5 44. Rf4 h5 45. Qf3 Ne5 46. Qf1 Nxd3 47. Rf3 Ne5 0-1

[Event "*** Titled Tuesday 3|2 Blitz"]
[Site "Chess.com"]
[Date "2016.04.05"]
[Round "1"]
[White "GregShahade"]
[Black "Alexander_Donchenko"]
[Result "1-0"]
[WhiteElo "2342"]
[BlackElo "2582"]
[TimeControl "180+2"]
[EndTime "11:40:51 PDT"]
[Termination "GregShahade won by resignation"]

1. e4 c6 2. d4 d5 3. exd5 cxd5 4.
c4 Nf6 5. Nc3 Nc6 6. Bg5 dxc4 7.
Bxc4 h6 8. Bf4 e6 9. Nf3 Bd6 10. Be5 O-O 11. O-O b6 12. Qe2 Bb7 13. Rfe1 Be7 14.
Rad1 Rc8 15. Bxf6 Bxf6 16. d5 exd5 17. Bxd5 Qc7 18. Nb5 Qb8 19. Nd6 Rcd8 20. Nxb7 Qxb7 21. Qe4 Qd7 22. Bxc6 Qxd1 23. Rxd1 Rxd1+ 24. Ne1 Bxb2 25. Ba4 Ra1 26. Bc2 g6 27. Bb1 Kg7 28. h4 Rd8 29. Qc2 Bf6 30. h5 Rd5 31. hxg6 Rc5 32. Qb3 fxg6 33. Nd3 Rc7 34. Kh2 Rd7 35. g3 h5 36.
Nf4 Rd2 37. Ne6+ Kh8 38. Qe3 Rb2 39. Qh6+ Kg8 40. Qxg6+ 1-0

[Event "*** Titled Tuesday 3|2 Blitz"]
[Site "Chess.com"]
[Date "2016.04.05"]
[Round "1"]
[White "motivated_bishop"]
[Black "LuckyTiger"]
[Result "0-1"]
[WhiteElo "2300"]
[BlackElo "2619"]
[TimeControl "180+2"]
[EndTime "11:41:00 PDT"]
[Termination "LuckyTiger won by resignation"]

1. d4 Nf6 2. c4 c5 3. d5 b5 4. cxb5 a6 5. bxa6 g6 6. Nc3 Bxa6 7. e4 Qa5 8. Bxa6 Nxa6 9. Bd2 d6 10. Nf3 Bg7 11.
O-O O-O 12. a4 Qb6 13. Qe2 Nc7 14. Rfb1 Rfb8 15. Bg5 Nd7 16. Bxe7 Bxc3 17. bxc3 Qxb1+ 18. Rxb1 Rxb1+ 19. Ne1 Rxa4 20. f3 Raa1 21. Bh4 Nb5 22. Qd2 Rd1 23. Qb2 Rab1 24. Qa2 Rxe1+ 25. Bxe1 Rxe1+ 26. Kf2 Rc1 27. Qa8+ Nf8 28. Qc6 Nxc3 29. Qxd6 g5 30. Qe7 Rc2+ 31. Kg3 h6 32. d6 Rd2 33. Qf6 Ne2+ 34. Kg4 Nd4 35. Qxh6 Rxg2+ 36. Kh3 Rg1 37. f4 Nde6 38. fxg5 Nf4+ 39. Kh4 N8g6+ 40. Qxg6+ Nxg6+ 41. Kh5 Rd1 0-1

[Event "*** Titled Tuesday 3|2 Blitz"]
[Site "Chess.com"]
[Date "2016.04.05"]
[Round "1"]
[White "LittlePeasant"]
[Black "chito89"]
[Result "1-0"]
[WhiteElo "2424"]
[BlackElo "2600"]
[TimeControl "180+2"]
[EndTime "11:41:04 PDT"]
[Termination "LittlePeasant won by resignation"]

1. Nf3 g6 2. d4 Bg7 3. c4 Nf6 4. g3 O-O 5. Bg2 d6 6. O-O Nbd7 7. Nc3 e5 8. e4 exd4 9. Nxd4 Re8 10. b3 Nc5 11. f3 a5 12. Be3 a4 13. b4 Ne6 14.
Ndb5 Nd7 15. Rc1 Ne5 16. Nd5 Bd7 17. Qe2 a3 18. Rfd1 h5 19. h3 Ra6 20. f4 Nxc4 21. Qxc4 Rc6 22. Qe2 Rxc1 23. Rxc1 Bxb5 24. Qxb5 c6 25.
Qxb7 cxd5 26. Qxd5 h4 27. g4 Qb8 28. f5 Nf8 29.
fxg6 Nxg6 30. Rf1 Re7 31. b5 Ne5 32. b6 Rb7 33. Rb1 Bf8 34. Rb3 Qc8 35. Qd2 Bg7 36.
Bf2 Qc4 37. Rxa3 Rb8 38. Rc3 Qb5 39. Rc1 Ng6 40. Bf1 Qa4 41. Qc2 Qa8 42. Qc7 Ne5 43.
Qa7 Qxe4 44. Qxb8+ Kh7 45. Bg2 Qf4 46. Qc8 Nd3 47.
Qf5+ Qxf5 48. gxf5 1-0

[Event "*** Titled Tuesday 3|2 Blitz"]
[Site "Chess.com"]
[Date "2016.04.05"]
[Round "1"]
[White "Zazuliak"]
[Black "Hikaru"]
[Result "0-1"]
[WhiteElo "2370"]
[BlackElo "2877"]
[TimeControl "180+2"]
[EndTime "11:41:09 PDT"]
[Termination "Hikaru won by resignation"]

1. d4 f5 2. c4 Nf6 3. Nc3 e6 4.
Nf3 Bb4 5. Qc2 Ne4 6. Bd2 Nxd2 7. Qxd2 O-O 8. e3 Be7 9. Be2 c6 10. O-O d5 11. Ne5 Nd7 12. Nxd7 Bxd7 13. f4 g5 14. g3 Kh8 15. Bd3 Bf6 16. c5 Qe7 17. b4 Qg7 18. Ne2 h5 19. fxg5 Qxg5 20. h4 Qh6 21. Nf4 e5 22. dxe5 Bxe5 23. Rae1 Rg8 24. Kh2 Rg7 25. Qe2 Rag8 26. Rg1 Rg4 27. Qf2 R4g7 28. Be2 Be8 29. Bf3 d4 30. Rg2 Bf7 31. Kh3 Bc7 32. Qd2 dxe3 33. Qxe3 Re8 34. Qc3 Rxe1 35. Qxe1 Kg8 36. Qe3 Kh7 37. Qd4 b6 38. a3 bxc5 39. bxc5 Kg8 40.
Be2 Bxf4 41. gxf4 Rxg2 42. Kxg2 Bd5+ 43. Bf3 Qg6+ 44. Kf2 Bxf3 45. Qd8+ Kg7 46. Qe7+ Qf7 47. Qxf7+ Kxf7 48. Kxf3 Ke6 49. Ke3 Kd5 50. Kd3 Kxc5 51. Kc3 0-1

[Event "*** Titled Tuesday 3|2 Blitz"]
[Site "Chess.com"]
[Date "2016.04.05"]
[Round "1"]
[White "Kawhi_Leonard2"]
[Black "lionheart95"]
[Result "1-0"]
[WhiteElo "2102"]
[BlackElo "2373"]
[TimeControl "180+2"]
[EndTime "11:41:16 PDT"]
[Termination "Kawhi_Leonard2 won by resignation"]

1. e4 e6 2. d4 d5 3. Nd2 Be7 4. Ngf3 Nf6 5. Bd3 c5 6. exd5 Qxd5 7. dxc5 Bxc5 8. O-O O-O 9. Nb3 Bb6 10. Bg5 Nbd7 11. Qe2 h6 12. Be3 Bxe3 13. Qxe3 Ng4 14. Qe4 Qxe4 15.
Bxe4 Ngf6 16. Bd3 b6 17. Rfe1 Bb7 18. Ne5 Rfd8 19. f3 Rac8 20. Nxd7 Rxd7 21. Rad1 Kf8 22.
c3 Rcd8 23. Be2 Nd5 24. Kf2 Ke7 25. g3 g5 26. a3 Bc6 27. Nd4 Ba4 28. Rc1 Rc7 29.
Bb5 Bxb5 30. Nxb5 Rcd7 31. Nd4 Kf6 32. Nc6 Rc8 33. Ne5 Rd6 34. Rcd1 Rcd8 35. Nc4 R6d7 36. Ne5 Rd6 37. Nc4 Rc6 38. Ne5 Rcc8 39. c4 Ne7 40. f4 gxf4 41. gxf4 Nf5 42. b4 h5 43. c5 bxc5 44.
bxc5 Nd4 45. Re4 Nb5 46. Rxd8 Rxd8 47. a4 Nc3 48. Rb4 Nd5 49. Rb7 Nxf4 50. Nd7+ Ke7 51. Ne5+ Kf6 52. Nd7+ Kf5 53. Rxa7 Nd3+ 54. Ke3 Ne5 55.
Nxe5 Kxe5 56. Rxf7 Rc8 57. Rh7 Kd5 58. Rxh5+ Kc6 59.
Re5 Ra8 60. Rxe6+ Kxc5 61. Re4 Rb8 62. h4 Rf8 63. h5 Kb6 64. Rh4 Re8+ 65. Kf4 Ra8 66.
Kf5 Rf8+ 67. Kg6 Rg8+ 68. Kf7 Rg1 69. h6 Rf1+ 70. Kg7 Rg1+ 71. Kf6 Rf1+ 72. Kg5 Rg1+ 73. Rg4 Rh1 74. Kg6 Ka5 75. Kg7 1-0

[Event "*** Titled Tuesday 3|2 Blitz"]
[Site "Chess.com"]
[Date "2016.04.05"]
[Round "1"]
[White "manubibi"]
[Black "SCIM"]
[Result "0-1"]
[WhiteElo "2443"]
[BlackElo "2205"]
[TimeControl "180+2"]
[EndTime "11:41:20 PDT"]
[Termination "SCIM won on time"]

1. e4 c5 2. Nf3 e6 3. d4 cxd4 4. Nxd4 Nc6 5. Nc3 Qc7 6. Be2 Nf6 7. O-O Be7 8. Kh1 O-O 9. f4 d6 10. Be3 Nxd4 11. Bxd4 b6 12. Qe1 Bb7 13. Bd3 g6 14. Qg3 Nh5 15. Qh3 e5 16. fxe5 dxe5 17. Be3 Nf4 18.
Qg3 Nh5 19. Qf3 f5 20. Qe2 f4 21. Bf2 Bc5 22. Bc4+ Kg7 23. Nd5 Bxd5 24. Bxd5 Rac8 25.
c3 Bxf2 26. Qxf2 Nf6 27. Rad1 Rfd8 28. Qf3 Qc5 29. Rfe1 Rc7 30. c4 Rcd7 31. Qc3 Qe7 32. h3 Nh5 33. b4 Rc7 34. Rc1 g5 35. c5 Ng3+ 36. Kg1 g4 37. hxg4 Rf8 38. c6 Rf6 39. Kf2 Rg6 40. Qf3 Qxb4 41. Rc2 Qd4+ 42. Re3 h5 43. Rc4 fxe3+ 44. Kxg3 Rxg4+ 45. Kh3 Qd2 0-1

[Event "*** Titled Tuesday 3|2 Blitz"]
[Site "Chess.com"]
[Date "2016.04.05"]
[Round "1"]
[White "Mischuk_D"]
[Black "oskariot"]
[Result "0-1"]
[WhiteElo "2559"]
[BlackElo "2314"]
[TimeControl "180+2"]
[EndTime "11:41:28 PDT"]
[Termination "oskariot won by resignation"]

1. d4 Nf6 2. c4 g6 3. Nc3 Bg7 4. e4 d6 5. f3 O-O 6. Be3 e5 7.
Nge2 c6 8. Qd2 a6 9. d5 b5 10. dxc6 Nxc6 11. cxb5 axb5 12. Nxb5 d5 13. Bc5 dxe4 14.
Qxd8 Rxd8 15. Nec3 exf3 16. gxf3 Nd4 17. Kf2 Bb7 18. Bg2 Nxb5 19. Nxb5 Rd2+ 20. Kg1 Rxb2 21. Nd6 Bd5 22. a4 Nh5 23. h4 Nf4 24. Rh2 Bf8 25. Bf1 Rxh2 26. Kxh2 Rd8 27. Ne4 Bxe4 28.
Bxf8 Bxf3 29. Bb4 Rb8 30. Bc3 f6 31. a5 Rb3 32. Be1 Rb2+ 33. Kg1 Ba8 34. a6 g5 35. hxg5 fxg5 36. Bc3 Rc2 37. Bxe5 Ne2+ 38. Bxe2 Rxe2 39.
Bf6 Rg2+ 40. Kf1 Rh2 41. Ra5 h6 42. a7 Kf7 43. Bd4 Rd2 44. Be3 Rd5 45. Ra4 Rf5+ 46. Ke2 Kg6 47. Rb4 Ra5 48. Rb8 Bd5 49. Rd8 Ra2+ 50.
Kd3 Bg2 51. Rd6+ Kh5 52. Rf6 Ra3+ 53. Kd2 Ra2+ 54. Kc1 Be4 55. Bc5 Rc2+ 56. Kd1 Rxc5 57. Re6 Bf3+ 58. Kd2 Ra5 59. Re7 Kg4 60. Ke3 Ra3+ 61.
Kf2 h5 0-1

[Event "*** Titled Tuesday 3|2 Blitz"]
[Site "Chess.com"]
[Date "2016.04.05"]
[Round "1"]
[White "dretch"]
[Black "dusanacns"]
[Result "0-1"]
[WhiteElo "2577"]
[BlackElo "2542"]
[TimeControl "180+2"]
[EndTime "11:41:34 PDT"]
[Termination "dusanacns won on time"]

1. d4 d6 2. Nf3 Nf6 3. c4 g6 4.
Nc3 Bg7 5. e4 O-O 6. h3 e5 7.
dxe5 dxe5 8. Qxd8 Rxd8 9. Bg5 c6 10. Nxe5 Re8 11. O-O-O Na6 12. Nf3 Nc5 13. e5 Nfd7 14. Be3 b6 15. g4 Nxe5 16. Nxe5 Bxe5 17. Bg2 Bb7 18. Rhe1 Re6 19. Bxc5 bxc5 20. Rd7 Ba6 21. Rxe5 Rxe5 22. Bxc6 Rb8 23. Bd5 Re1+ 24. Kc2 Bc8 25. Rd8+ Kg7 26. Kd2 Rf1 27. b3 Rxf2+ 28. Ke3 Rh2 29.
Ne4 Rxh3+ 30. Kf2 Rh2+ 31. Kg3 Rxa2 32. Nxc5 Ra5 33. b4 Ra3+ 34. Kf4 h6 35. b5 g5+ 36. Ke5 h5 37. gxh5 g4 38. Ne4 g3 39.
Nd6 Rd3 40. Nxc8 g2 41. h6+ Kxh6 42. Rg8 Rxc8 43. Rxg2 Re8+ 44. Kf6 Ree3 45. Ra2 Rc3 46. Rxa7 Rc1 47. Rxf7 Rf1+ 0-1

[Event "*** Titled Tuesday 3|2 Blitz"]
[Site "Chess.com"]
[Date "2016.04.05"]
[Round "1"]
[White "FrankieJay"]
[Black "ChadaevNikolay"]
[Result "0-1"]
[WhiteElo "2278"]
[BlackElo "2569"]
[TimeControl "180+2"]
[EndTime "11:41:42 PDT"]
[Termination "ChadaevNikolay won by resignation"]

1. e4 c5 2. Nf3 d6 3. d4 cxd4 4. Nxd4 Nf6 5. Nc3 a6 6. Bg5 e6 7. f4 Nbd7 8. Qf3 Qc7 9. O-O-O b5 10. Bd3 Bb7 11. Rhe1 Be7 12. Qg3 Qb6 13. Bxf6 Bxf6 14. Nf3 O-O-O 15. e5 dxe5 16. fxe5 Bxf3 17. gxf3 Nxe5 18.
Rxe5 Bxe5 19. Qxe5 Qd4 20. Qxd4 Rxd4 21. a4 Rhd8 22. axb5 axb5 23. Nxb5 Rh4 24. Rd2 g5 25. Na7+ Kc7 26. Nb5+ Kb6 27. Nc3 h6 28. Ne4 f5 29.
Ng3 Rf4 30. Re2 Rd6 31. Re3 Ra4 32. Re5 Ra1+ 33. Kd2 Rg1 34. Re2 Kc5 35. Rf2 Rd8 36.
Kc3 Kd6 37. f4 g4 38. Re2 Rh8 39. b4 h5 40. Rf2 h4 41. Nf1 g3 42. hxg3 hxg3 43. Rf3 Rc8+ 44. Kd2 g2 45. b5 gxf1=Q 46. Bxf1 Rc5 47. Bd3 Rg2+ 48. Ke3 Kd5 49. c4+ Kd6 50. Kd4 Rg4 51. Rf2 e5+ 52. Ke3 e4 53. Be2 Rg3+ 54.
Kd4 Rg6 55. Rh2 Rc8 56. Rh5 Rg2 57. Rh6+ Ke7 58. Bh5 Rd2+ 59. Kc3 Rd3+ 60. Kb4 e3 61. Rh7+ Kf6 62. Rh6+ Kg7 63. Rg6+ Kh7 64. Re6 Rd4 65. b6 Rcxc4+ 66. Kb5 Re4 67. Rxe4 Rxe4 68. b7 e2 69. b8=Q e1=Q 70. Qc7+ Re7 71. Qc5 Qb1+ 72. Kc6 Qe4+ 0-1